 Dungeon Crawl Stone Soup version 0.31-a0-1591-g515db51633 (webtiles) character file.

Game seed: 1646569471124356727

1564 Atlas the Grappler (level 8, 0/63 HPs)
             Began as a Purple Draconian Shapeshifter on Jan 6, 2024.
             Killed by divine providence
             ... invoked by an orc priest
              (11 damage)
             ... on level 5 of the Dungeon.
             The game lasted 00:05:16 (4447 turns).

Atlas the Grappler (Purple Draconian Shapeshifter)  Turns: 4447, Time: 00:05:17

Health: 0/63       AC:  6    Str: 19    XL:     8   Next: 58%
Magic:  8/8        EV: 13    Int: 10    God:
Gold:   248        SH:  0    Dex: 11    Spells: 7/7 levels left

rFire   . .          .
                       - Unarmed
rCold   . . .        (no shield)
rNeg    . . .        (body armour unavailable)
rPois   .            (helmet currently unavailable)
rElec   .            (cloak currently unavailable)
rCorr   .            (gloves currently unavailable)
SInv    .            (boots currently unavailable)
Will    ++...        m - amulet of the acrobat
Stlth   +            i - ring of flight
HPRegen 0.30/turn    (no ring)
MPRegen 0.11/turn

%: acrobat
@: lethally poisoned (0 -> -1), short of breath, beast-form, enlightened, flying
A: beast (slay +3), breathe power, AC +6, unfitting armour, cold-blooded
a: Breathe Dispelling Energy, Begin Untransformation


You were on level 5 of the Dungeon.
You were a hulking beast.
You visited 1 branch of the dungeon, and saw 5 of its levels.

You collected 248 gold pieces.

Inventory:

Missiles
 e - a throwing net
 q - 6 atropa-tipped darts
Jewellery
 i - a ring of flight (left hand)
 m - an amulet of the acrobat (around neck)
Talismans
 b - a beast talisman
 c - a flux talisman
 u - a serpent talisman
Wands
 t - a wand of flame (20)
Scrolls
 a - a scroll of silence {unknown}
 f - a scroll of vulnerability {unknown}
 g - 3 scrolls of identify {unknown}
 j - 2 scrolls of amnesia {unknown}
 n - a scroll of fog {unknown}
 o - a scroll of noise {unknown}
 p - a scroll of enchant armour {unknown}
 s - 3 scrolls of butterflies {unknown}
Potions
 d - a potion of resistance {unknown}
 l - a potion of haste {unknown}
 r - a potion of curing {unknown}


   Skills:
 + Level 3.1 Fighting
 + Level 4.1 Dodging
 + Level 8.3 Unarmed Combat
 * Level 5.9 Shapeshifting


You had 7 spell levels left.
You didn't know any spells.
Your spell library contained the following spells:

 Spells                   Type           Power      Damage    Failure   Level
 Call Canine Familiar     Summ           0%         N/A       75%         3
 Sigil of Binding         Hex            0%         N/A       75%         3
 Dimensional Bullseye     Hex/Tloc       0%         N/A       98%         4


Dungeon Overview and Level Annotations

Branches:
Dungeon (5/15)
 Temple: D:4-7

Altars:
Qazlal
Xom


Innate Abilities, Weirdness & Mutations

You are a hulking beast.
Your limbs bulge with bestial killing power. (Slay +3)
You can breathe bolts of dispelling energy.
Your rich purple scales are hard. (AC +6)
You cannot fit into any form of body armour.
You are cold-blooded and may be slowed by cold attacks.


Message History

The scorpion is almost dead.
You feel very sick.
The scorpion stings you but does no damage.
You punch the scorpion!
You kill the scorpion!
You feel sick.
You feel sick. The orc misses you.
The orc priest calls down the wrath of Beogh upon you.
Beogh smites you!
Aiming: Breathe Dispelling Energy (4% risk of failure)
Press: ? - help, Shift-Dir - straight line, f - orc
Aim: an orc, wielding a +2 hand axe of flaming (53% to hit)
You breathe a bolt of dispelling energy.
The bolt of dispelling energy hits the orc.
The orc is heavily wounded.
The bolt of dispelling energy misses the scorpion.
The bolt of dispelling energy hits the orc!
You kill the orc!
The bolt of dispelling energy hits the orc priest!
The orc priest is almost dead.
You feel sick. The orc misses you.
Unknown command.
Unknown command.
Unknown command.
You punch the orc!
You kill the orc!
You feel sick.
You hit the scorpion.
The scorpion is almost dead.
The scorpion barely misses you.
The orc priest calls down the wrath of Beogh upon you.
Beogh smites you!
* * * LOW HITPOINT WARNING * * *
Unknown command.
It was a potion of enlightenment.
You feel more buoyant.
You feel sick. The scorpion misses you.
The orc priest invokes the aid of Beogh against you.
Beogh smites you!
You die...

######..<...#
......oo...# .... #....#
#####...###########oo..#
................o..s...#
###........#####o###...#
#........ #o# ####
#........ #s# #
#........ #h#
###........ #.#
........... #.#
...........#####'######
...#########..........#
.........# #..........#
.........# #..........#
.........# #..........#
###...#### #..........#


You could see a scorpion, an orc priest and 2 orcs.

Vanquished Creatures
  Grinder (D:4)
  Sigmund (D:3)
  A fire bat (D:5)
  Edmund (D:5)
  A water moccasin (D:5)
  A centaur (D:5)
  4 scorpions (D:5)
  A bombardier beetle (D:4)
  A hound (D:5)
  2 orc priests
  A gnoll bouda (D:4)
  3 iguanas (D:5)
  A sleepcap (D:5)
  Natasha (D:2)
  2 orc wizards
  Robin (D:2)
  7 gnolls
  3 adders
  4 dart slugs
  18 orcs
  3 ball pythons
  11 bats
  9 endoplasms
  4 giant cockroaches
  14 goblins
  12 hobgoblins
  3 jackals (D:1)
  4 kobolds
  A quokka (D:2)
  5 frilled lizards
  4 rats
125 creatures vanquished.

Notes
Turn   | Place    | Note
-------+----------+-------------------------------------------
     0 | D:1      | Atlas the Draconian Shapeshifter began the quest for the
                  | Orb.
     0 | D:1      | Reached XP level 1. HP: 16/16 MP: 1/1
   228 | D:1      | Found a faded altar of an unknown god.
   273 | D:1      | Reached XP level 2. HP: 21/23 MP: 2/2
  1105 | D:2      | Noticed Robin
  1107 | D:2      | Reached XP level 3. HP: 28/28 MP: 3/3
  1138 | D:2      | Killed Robin
  1289 | D:2      | Reached XP level 4. HP: 29/32 MP: 4/4
  1461 | D:2      | Noticed Natasha
  1497 | D:2      | Killed Natasha
  1498 | D:2      | Reached skill level 4 in Unarmed Combat
  1698 | D:2      | Reached XP level 5. HP: 26/41 MP: 5/5
  2134 | D:3      | Noticed an air elemental
  2136 | D:3      | Found a stormy altar of Qazlal.
  2137 | D:3      | Noticed a fire elemental
  2137 | D:3      | Noticed a water elemental
  2405 | D:3      | Noticed Sigmund
  2428 | D:3      | Killed Sigmund
  2429 | D:3      | Reached skill level 5 in Unarmed Combat
  2429 | D:3      | Reached XP level 6. HP: 24/48 MP: 6/6
  2876 | D:4      | Noticed Grinder
  2883 | D:4      | Paralysed by Grinder for 5 turns
  2894 | D:4      | Killed Grinder
  2895 | D:4      | Reached skill level 6 in Unarmed Combat
  2895 | D:4      | Your scales start taking on a rich purple colour.
  2895 | D:4      | Reached XP level 7. HP: 41/55 MP: 7/7
  2971 | D:4      | Reached skill level 5 in Shapeshifting
  3606 | D:5      | Entered Level 5 of the Dungeon
  3747 | D:5      | Found a shimmering altar of Xom.
  3748 | D:5      | Noticed a fire bat
  3775 | D:5      | Reached skill level 7 in Unarmed Combat
  3780 | D:5      | Killed a fire bat
  3781 | D:5      | Reached XP level 8. HP: 22/62 MP: 8/8
  4201 | D:5      | Noticed Edmund
  4219 | D:5      | Killed Edmund
  4220 | D:5      | Reached skill level 8 in Unarmed Combat
  4447 | D:5      | Killed from afar by an orc priest

Illustrated notes

Levels and vault maps discovered:
D:1:      wheals_arrival_shading, layout_basic, serial_co_window_serial,
          co_window_paths_a, co_window_corner_a, co_window_corner_a,
          co_window_corner_a, co_window_paths_a, co_window_corner_ca,
          co_window_corner_ca, co_window_broadway_c, co_window_cross_2,
          co_window_4corner_a, shapermc_ecumenical_altar_starsandcircs
D:2:      layout_basic, uniq_natasha, uniq_robin
D:3:      layout_rooms, nicolae_qazlal_style_of_elements,
          chequers_serial_rivers_small_b, minmay_puff, uniq_sigmund
D:4:      layout_loops_ring, minmay_cut_off, uniq_grinder
D:5:      layout_basic, regret_index_xom_of_box, minivault_23, uniq_edmund

Skill      XL: |  1  2  3  4  5  6  7  8 |
---------------+-------------------------+-----
Dodging        | 2 3 4 |  4.1
Unarmed Combat | 4 5 6 7 8 |  8.3
Shapeshifting  | 4 5 |  5.9
Fighting       | 2 3 |  3.1

Action                     |  1- 3 |  4- 6 |  7- 9 || total
---------------------------+-------+-------+-------++-------
  Melee: Unarmed           |   103 |   141 |   132 ||   376
         Tailslap          |    11 |    14 |    17 ||    42
         Punch             |     1 |     3 |     5 ||     9
  Throw: Throwing net      |       |     1 |       ||     1
Ability: Breathe Dispellin |       |       |     3 ||     3
    Use: Potion            |     2 |     1 |     3 ||     6
         Scroll            |       |     1 |       ||     1
   Stab: Held in net/web   |       |     1 |       ||     1
 Armour: Skin              |    75 |    68 |    76 ||   219
  Dodge: Dodged            |    66 |    76 |   113 ||   255

Table legend: (Time is in decaauts)
 A = Elapsed time spent in this place.
 B = Non-inter-level travel time spent in this place.
 C = Inter-level travel time spent in this place.
 D = Time resting spent in this place.
 E = Time spent auto-exploring this place.
 F = Levels seen in this place.
 G = Mean time per level.
                   A        B        C        D        E       F      G
               +--------+--------+--------+--------+--------+-----+--------+
         Total |   4428 |   4334 |     94 |    180 |   3388 |   5 |  885.6 |
       Dungeon |   4428 |   4334 |     94 |    180 |   3388 |   5 |  885.6 |
               +--------+--------+--------+--------+--------+-----+--------+

Top non-repeatable levels by time:
     D:1: 988 daAuts
     D:2: 915 daAuts
     D:4: 865 daAuts
     D:3: 862 daAuts
     D:5: 797 daAuts
